 Dungeon Crawl Stone Soup version 0.20.0-15-g7f486f2 (webtiles) character file.

30739 vishdafish the Basher (level 13, -5/80 HPs)
             Began as a Gargoyle Fighter on June 25, 2017.
             Was a High Priest of Okawaru.
             Slain by Rupert
             ... wielding a +5 battleaxe of chopping
              (29 damage)
             ... on level 13 of the Dungeon.
             The game lasted 00:30:53 (12868 turns).

vishdafish the Basher (Gargoyle Fighter)           Turns: 12868, Time: 00:30:54

Health: -5/80      AC: 29    Str: 22    XL:     13   Next: 53%
Magic:  16/16      EV: 12    Int: 10    God:    Okawaru [*****.]
Gold:   656        SH: 16    Dex: 11    Spells: 12/12 levels left

rFire    + + .     SeeInvis .   Q - +4 morningstar (freeze)
rCold    + + .     Gourm    .   c - +0 shield
rNeg     + + .     Faith    .   q - +3 scale mail {rF+}
rPois    ∞         Spirit   .   p - +2 helmet
rElec    +         Reflect  +   (no cloak)
rCorr    .         Harm     .   n - +2 pair of gloves
MR       .....     Rnd*Rage +   w - +0 pair of boots
Stlth    +.........             a - amulet of Ojaag {Reflect rF+ rN+ SH+4}
Regen    0.3/turn               A - ring of protection from cold
MPRegen  0.2/turn               t - ring of Harooxt {Wiz rC+ Slay+3}

@: no status effects
A: fangs 1, hooves 1, thin metallic scales 1, camouflage 1, berserk 1, deformed
body, low mp 1, negative energy resistance 1, shaggy fur 1, electricity
resistance, unbreathing, petrification resistance, rot immunity, AC +9
a: Heroism, Finesse, Renounce Religion


You were on level 13 of the Dungeon.
You worshipped Okawaru.
Okawaru was extremely pleased with you.
You were not hungry.

You visited 2 branches of the dungeon, and saw 14 of its levels.
You also visited: Sewer.

You collected 656 gold pieces.

Inventory:

Hand Weapons
 Q - a +4 morningstar of freezing (weapon)
Armour
 c - a +0 shield (worn)
 n - a +2 pair of gloves (worn)
 p - a +2 helmet (worn)
 q - a +3 scale mail of fire resistance (worn)
 w - a +0 pair of boots (worn)
Jewellery
 a - the amulet of Ojaag (around neck) {Reflect rF+ rN+ SH+4}
   (You took it off a vampire on level 12 of the Dungeon)

   [amulet of reflection]

   It shields you and reflects attacks.
   It protects you from fire.
   It protects you from negative energy.
   It affects your SH (+4).
 d - the ring of Zatriura {rElec Int-2 Dex+2 Stlth-}
   (You found it on level 12 of the Dungeon)

   [ring of loudness]

   It affects your intelligence (-2).
   It affects your dexterity (+2).
   It insulates you from electricity.
   It makes you less stealthy.
 i - the ring "Kegun" {+Fly rElec rPois}
   (You found it on level 12 of the Dungeon)

   [ring of flight]

   It insulates you from electricity.
   It protects you from poison.
   It lets you fly.
 t - the ring of Harooxt (right hand) {Wiz rC+ Slay+3}
   (You found it on level 6 of the Dungeon)

   [ring of wizardry]

   It improves your spell success rate.
   It affects your accuracy and damage with ranged weapons and melee attacks
   (+3).
   It protects you from cold.
 A - a ring of protection from cold (left hand)
Wands
 j - a wand of flame (10/48)
 D - a wand of lightning (7/15)
 F - a wand of iceblast (5/15)
 J - a wand of clouds (3/9)
 K - a wand of clouds (4/9)
 P - a wand of random effects (31/48)
 S - a wand of scattershot (6/9)
 T - a wand of flame (33/48)
 Y - a wand of enslavement (19/24)
Scrolls
 b - a scroll of random uselessness {unknown}
 e - a scroll of remove curse
 g - 6 scrolls of identify
 k - 5 scrolls of enchant armour
 l - 3 scrolls of magic mapping
 m - 2 scrolls of blinking
 s - 5 scrolls of teleportation {unknown}
 u - a scroll of noise {unknown}
 C - 2 scrolls of fear
 E - 3 scrolls of immolation {unknown}
 H - a scroll of summoning {unknown}
 I - 2 scrolls of brand weapon {unknown}
 N - a scroll of silence {unknown}
 O - a scroll of recharging {unknown}
 W - a scroll of fog
 X - a scroll of amnesia {unknown}
Potions
 f - 2 potions of haste {unknown}
 o - 4 potions of brilliance
 v - 9 potions of curing {unknown}
 x - 2 potions of magic {unknown}
 z - 5 potions of agility {unknown}
 B - a potion of flight {unknown}
 L - 3 potions of lignification {unknown}
 Z - a potion of heal wounds
Comestibles
 h - 6 royal jellies
 G - a meat ration
 M - 4 bread rations
 U - 3 fruits


   Skills:
 + Level 9.1 Fighting
 + Level 12.8 Maces & Flails
 * Level 10.8 Armour
 * Level 6.1 Dodging
 - Level 0.5 Stealth
 + Level 11.9 Shields
 * Level 6.9 Invocations


You had 12 spell levels left.
You didn't know any spells.

Dungeon Overview and Level Annotations

Branches:
Dungeon (13/15)            Temple (1/1) D:5            Lair (0/6) D:11
    Orc (0/2) D:12
 Vaults: D:13-14

Altars:
Ashenzari
Cheibriados
Dithmenos
Elyvilon
Fedhas
Gozag
Hepliaklqana
Kikubaaqudgha
Makhleb
Nemelex Xobeh
Okawaru
Qazlal
Ru
Sif Muna
Trog
Uskayaw
Vehumet
Xom
Yredelemnul
Zin
The Shining One

Shops:
D:4 %

Annotations:
D:13 Rupert


Innate Abilities, Weirdness & Mutations

You are resistant to torment.
Your stone body is resilient. (AC +9)
You are immune to poison.
You resist negative energy. (rN+)
You are resistant to electric shocks. (rElec)
You can survive without breathing.
You are immune to petrification.
You are immune to rotting.
You have very sharp teeth.
You have large cloven feet.
You are partially covered in thin metallic scales. (AC +2)
Your skin changes colour to match your surroundings (Stealth+).
You tend to lose your temper in combat.
Armour fits poorly on your strangely shaped body.
Your magical capacity is low. (-10% MP)
You are covered in fur. (AC +1)


Message History

You sock Rupert!
Rupert is lightly wounded.
Rupert closely misses you. Rupert barely misses you.
Your scale mail prevents you from hitting Rupert.
Your bite misses Rupert.
Rupert is lightly wounded.
Rupert hits you with a battleaxe of chopping.
* * * LOW HITPOINT WARNING * * *
Your scale mail prevents you from hitting Rupert.
Rupert is lightly wounded.
You bludgeon Rupert!! You bite Rupert, but do no damage.
Rupert is moderately wounded.
Rupert completely misses you.
You bludgeon Rupert!!
Rupert is heavily wounded.
You block Rupert's attack. Rupert closely misses you.
You hit Rupert but do no damage. You bite Rupert.
Rupert is heavily wounded.
Rupert hits you with a battleaxe of chopping!!
You die...

..... #... #.....#
#...# #... #.....#
#...######
#.....######........#
#.....#...##........#
#.....#.............'
#.....#...##...####.#
#..@?.#...##...####(#
#...@.#...##.........
#.....#...##.........
#.....'....#.........
#.....#....#....)....
+...).#....#....(....
#.....###############
#######


You could see Rupert (berserk).

Vanquished Creatures
  Fannar (D:12)
  A hydra (D:12)
  A centaur warrior (D:12)
  6 two-headed ogres
  A tengu warrior (D:12)
  Nergalle (D:10)
  A skeletal warrior (D:12)
  3 unseen horrors (D:12)
  A deep elf mage (D:12)
  4 ugly things
  2 manticores (D:11)
  2 cyclopes
  3 centaur zombies
  Joseph (D:8)
  A guardian serpent (D:10)
  A gargoyle (D:10)
  A rime drake (shapeshifter) (D:12)
  A kobold demonologist (D:11)
  A komodo dragon (D:13)
  2 freezing wraiths (D:12)
  A yaktaur (D:12)
  3 polar bears (D:10)
  4 trolls
  2 hornets
  A slime creature (D:8)
  A spriggan (D:9)
  3 hippogriffs
  3 centaur simulacra
  22 yaks
  A vampire (D:12)
  2 wyverns
  A steam dragon (D:7)
  2 hungry ghosts (D:7)
  A water moccasin (D:6)
  2 acid dragons
  2 orc warriors
  4 sky beasts
  3 phantoms
  5 ice beasts
  6 ogres
  2 necrophages (D:11)
  2 wolves (D:10)
  10 centaurs
  2 gnoll sergeants
  9 bullfrogs
  A wyvern skeleton (D:7)
  A hornet simulacrum (D:10)
  9 scorpions
  16 wights
  4 killer bees (D:9)
  2 vampire bats (D:10)
  The ghost of vishdafish the Skirmisher, a weakling GrFi (D:3)
  A howler monkey (D:4)
  4 electric eels (D:10)
  7 crimson imps
  2 quasits
  A wyvern simulacrum (D:10)
  3 hounds
  7 orc wizards
  2 centaur skeletons
  4 orc priests
  3 bullfrog skeletons
  12 jellies
  Terence (D:3)
  4 iguanas
  4 worker ants
  A hound skeleton (D:5)
  13 adders
  7 gnolls
  A hound simulacrum (D:10)
  2 shadow imps
  A white imp (D:10)
  A worker ant simulacrum (D:10)
  11 oozes (D:8)
  An adder zombie (D:6)
  4 worms
  A dart slug (D:5)
  9 leopard geckos
  24 orcs
  6 ball pythons
  14 bats
  5 giant cockroaches
  9 goblins
  8 hobgoblins
  8 jackals
  4 quokkas
  12 frilled lizards
  A jackal zombie (D:6)
  10 kobolds
  A quokka skeleton (D:6)
  9 rats
381 creatures vanquished.

Vanquished Creatures (others)
  A centaur (D:13)
  6 fungi
7 creatures vanquished.

Grand Total: 388 creatures vanquished

Notes
Turn   | Place    | Note
-------+----------+-------------------------------------------
     0 | D:1      | vishdafish the Gargoyle Fighter began the quest for the Orb.
     0 | D:1      | Reached XP level 1. HP: 14/14 MP: 1/1
   276 | D:1      | Reached XP level 2. HP: 18/19 MP: 2/2
   893 | D:2      | Reached XP level 3. HP: 12/23 MP: 3/3
  1616 | D:3      | Noticed a sky beast
  1636 | D:3      | Killed a sky beast
  1636 | D:3      | Reached skill level 3 in Maces & Flails
  1636 | D:3      | Reached XP level 4. HP: 8/29 MP: 4/4
  1636 | D:3      | Reached XP level 5. HP: 9/33 MP: 5/5
  1910 | D:3      | Found a glowing drain.
  1926 | D:3      | Reached skill level 1 in Dodging
  1937 | Sewer    | Entered a sewer
  2338 | Sewer    | Reached XP level 6. HP: 38/38 MP: 6/6
  2609 | D:3      | Noticed Terence
  2618 | D:3      | Killed Terence
  2656 | D:3      | Noticed vishdafish's ghost (weakling GrFi)
  2692 | D:3      | Killed vishdafish's ghost
  2692 | D:3      | Reached skill level 4 in Maces & Flails
  3132 | D:3      | Found a deep blue altar of Sif Muna.
  3557 | D:3      | Reached skill level 5 in Shields
  3557 | D:3      | Reached XP level 7. HP: 19/44 MP: 7/7
  3915 | D:4      | Found Utaodith's Food Shop.
  4378 | D:5      | Entered Level 5 of the Dungeon
  4392 | D:5      | Found a staircase to the Ecumenical Temple.
  4401 | D:5      | Reached skill level 5 in Maces & Flails
  4411 | Temple   | Entered the Ecumenical Temple
  4501 | Temple   | Became a worshipper of Warmaster Okawaru
  4891 | D:5      | Reached skill level 5 in Armour
  4900 | D:5      | Reached XP level 8. HP: 33/48 MP: 8/8
  5146 | D:6      | Reached skill level 5 in Fighting
  5200 | D:6      | Reached * piety under Okawaru
  5337 | D:6      | Got a glittering marble ring
  5339 | D:6      | Identified the ring of Harooxt {Wiz rC+ Slay+3} (You found it on level 6 of the Dungeon)
  5371 | D:6      | Noticed a troll
  5384 | D:6      | Killed a troll
  5384 | D:6      | Reached skill level 6 in Maces & Flails
  5729 | D:6      | Reached ** piety under Okawaru
  5763 | D:6      | Reached XP level 9. HP: 47/54 MP: 9/9
  5978 | D:7      | Reached skill level 7 in Maces & Flails
  6043 | D:7      | Gained mutation: You are frail. (-10% HP) [potion of mutation]
  6043 | D:7      | Gained mutation: You passively map a small area around you. [potion of mutation]
  6043 | D:7      | Gained mutation: You have a somewhat thin skeletal structure. (Dex +2, Stealth) [potion of mutation]
  6044 | D:7      | Lost mutation: You have a somewhat thin skeletal structure. (Dex +2, Stealth) [potion of mutation]
  6044 | D:7      | Lost mutation: You are frail. (-10% HP) [potion of mutation]
  6044 | D:7      | Lost mutation: You passively map a small area around you. [potion of mutation]
  6044 | D:7      | Gained mutation: Your body sometimes deteriorates upon taking damage. [potion of mutation]
  6044 | D:7      | Gained mutation: You have sharp toenails. [potion of mutation]
  6044 | D:7      | Gained mutation: Your natural rate of healing is unusually fast. [potion of mutation]
  6045 | D:7      | Lost mutation: Your body sometimes deteriorates upon taking damage. [potion of mutation]
  6045 | D:7      | Lost mutation: You have sharp toenails. [potion of mutation]
  6045 | D:7      | Lost mutation: Your natural rate of healing is unusually fast. [potion of mutation]
  6045 | D:7      | Gained mutation: You have sharp toenails. [potion of mutation]
  6045 | D:7      | Gained mutation: You have very sharp teeth. [potion of mutation]
  6045 | D:7      | Gained mutation: You evolve. [potion of mutation]
  6045 | D:7      | Gained mutation: You have a pair of small antennae on your head. [potion of mutation]
  6046 | D:7      | Lost mutation: You have sharp toenails. [potion of mutation]
  6046 | D:7      | Lost mutation: You evolve. [potion of mutation]
  6046 | D:7      | Lost mutation: You have a pair of small antennae on your head. [potion of mutation]
  6046 | D:7      | Gained mutation: You are partially covered in large bone plates. (SH +4) [potion of mutation]
  6046 | D:7      | Gained mutation: Your body sometimes deteriorates upon taking damage. [potion of mutation]
  6046 | D:7      | Gained mutation: You are resistant to hostile enchantments. (MR+) [potion of mutation]
  6049 | D:7      | Lost mutation: Your body sometimes deteriorates upon taking damage. [mutagenic meat]
  6050 | D:7      | Gained mutation: You have large cloven feet. [mutagenic meat]
  6144 | D:7      | Reached *** piety under Okawaru
  6144 | D:7      | Reached skill level 8 in Maces & Flails
  6216 | D:7      | Lost mutation: You are resistant to hostile enchantments. (MR+) [mutagenic meat]
  6217 | D:7      | Gained mutation: You tend to lose your temper in combat. [mutagenic meat]
  6218 | D:7      | Gained mutation: Your skin changes colour to match your surroundings (Stealth+). [mutagenic meat]
  6234 | D:7      | Found a glowing silver altar of Zin.
  6483 | D:7      | Reached XP level 10. HP: 55/60 MP: 10/10
  7294 | D:8      | Reached **** piety under Okawaru
  7386 | D:8      | Reached skill level 9 in Maces & Flails
  7676 | D:8      | Noticed a two-headed ogre
  7759 | D:8      | Killed a two-headed ogre
  7859 | D:8      | Noticed Joseph
  7881 | D:8      | Killed Joseph
  7881 | D:8      | Reached ***** piety under Okawaru
  7881 | D:8      | Reached skill level 10 in Maces & Flails
  8057 | D:9      | Found a white marble altar of Elyvilon.
  8133 | D:9      | Noticed a two-headed ogre
  8166 | D:9      | Reached XP level 11. HP: 62/67 MP: 11/11
  8173 | D:9      | Killed a two-headed ogre
  8173 | D:9      | Reached skill level 1 in Invocations
  8447 | D:9      | Found a radiant altar of Vehumet.
  8794 | D:9      | Reached skill level 10 in Shields
  9039 | D:10     | Entered Level 10 of the Dungeon
  9092 | D:10     | Received a gift from Okawaru
  9647 | D:10     | Noticed Nergalle
  9663 | D:10     | Killed Nergalle
  9663 | D:10     | Reached skill level 11 in Maces & Flails
 10040 | D:11     | Noticed a cyclops
 10051 | D:11     | Killed a cyclops
 10234 | D:11     | Reached XP level 12. HP: 70/72 MP: 14/14
 10356 | D:11     | Reached skill level 5 in Dodging
 10431 | D:11     | Noticed a two-headed ogre
 10435 | D:11     | Killed a two-headed ogre
 11047 | D:11     | Found a staircase to the Lair.
 11315 | D:12     | Received a gift from Okawaru
 11410 | D:12     | Found a staircase to the Orcish Mines.
 11478 | D:12     | Reached skill level 5 in Invocations
 11498 | D:12     | Noticed a four-headed hydra
 11504 | D:12     | Found a runed door.
 11517 | D:12     | Killed a four-headed hydra
 11613 | D:12     | Noticed a two-headed ogre
 11620 | D:12     | Killed a two-headed ogre
 11620 | D:12     | Reached skill level 12 in Maces & Flails
 11620 | D:12     | Reached skill level 10 in Armour
 11632 | D:12     | Noticed a two-headed ogre
 11639 | D:12     | Killed a two-headed ogre
 11639 | D:12     | Received a gift from Okawaru
 11679 | D:12     | Got a steaming cloak {god gift}
 11685 | D:12     | Identified the +1 cloak of the Spheres {rPois Int+3 Dex-3} (Okawaru gifted it to you on level 12 of the Dungeon)
 11723 | D:12     | Found a runed door.
 11725 | D:12     | Found a runed door.
 11725 | D:12     | Noticed a tengu warrior
 11725 | D:12     | Noticed a centaur warrior
 11735 | D:12     | Killed a centaur warrior
 11735 | D:12     | Reached XP level 13. HP: 71/79 MP: 17/17
 11815 | D:12     | Got an ancient graven amulet
 11816 | D:12     | Identified the amulet of Ojaag {Reflect rF+ rN+ SH+4} (You took it off a vampire on level 12 of the Dungeon)
 11861 | D:12     | Lost mutation: You are partially covered in large bone plates. (SH +4) [mutagenic meat]
 11863 | D:12     | Gained mutation: Your magical capacity is low. (-10% MP) [mutagenic meat]
 11864 | D:12     | Gained mutation: You occasionally shout uncontrollably at your foes. [mutagenic meat]
 11871 | D:12     | Got a smoking jade ring
 11895 | D:12     | Gained mutation: You are partially covered in thin metallic scales. (AC +2) [mutagenic meat]
 12097 | D:12     | Identified the ring of Bauwifocau {*Slow rC++ MR+ Int+9} (You found it on level 12 of the Dungeon)
 12108 | D:12     | Got a pitted jade ring
 12111 | D:12     | Got a pitted copper ring
 12247 | D:12     | Noticed Fannar
 12268 | D:12     | Killed Fannar
 12285 | D:12     | Lost mutation: You occasionally shout uncontrollably at your foes. [mutagenic meat]
 12286 | D:12     | Gained mutation: You are covered in fur. (AC +1) [mutagenic meat]
 12287 | D:12     | Lost mutation: You have large cloven feet. [mutagenic meat]
 12288 | D:12     | Gained mutation: Armour fits poorly on your strangely shaped body. [mutagenic meat]
 12289 | D:12     | Gained mutation: You have large cloven feet. [mutagenic meat]
 12318 | D:12     | Identified the ring of Zatriura {rElec Int-2 Dex+2 Stlth-} (You found it on level 12 of the Dungeon)
 12320 | D:12     | Identified the ring "Kegun" {+Fly rElec rPois} (You found it on level 12 of the Dungeon)
 12855 | D:13     | Noticed Rupert
 12868 | D:13     | Slain by Rupert

Skill      XL: |  1  2  3  4  5  6  7  8  9 10 11 12 13 |
---------------+----------------------------------------+-----
Fighting       | 4 5 6 7 8 9 |  9.1
Maces & Flails | 3 4 5 6 8 10 11 12 | 12.8
Armour         | 4 5 6 7 9 10 | 10.8
Shields        | 4 5 6 7 8 9 10 11 | 11.9
Dodging        | 1 2 3 4 5 6 |  6.1
Invocations    | 3 5 6 |  6.9
Stealth        | |  0.5

Action                   |  1- 3 |  4- 6 |  7- 9 | 10-12 | 13-15 || total
-------------------------+-------+-------+-------+-------+-------++-------
Melee: Flail             |   175 |   261 |   478 |   618 |       ||  1532
       Bite              |       |       |     6 |   108 |    27 ||   141
       Morningstar       |       |       |       |   203 |   185 ||   388
Invok: Heroism           |       |       |       |     1 |       ||     1
       Finesse           |       |       |       |     1 |       ||     1
Evoke: Wand              |       |       |       |     1 |       ||     1
  Use: Potion            |     1 |     2 |     7 |     1 |       ||    11
       Scroll            |       |     7 |     1 |     4 |       ||    12
  Eat: Bread ration      |     1 |     1 |     1 |     1 |       ||     4
       Meat ration       |       |     1 |     1 |     2 |     1 ||     5
       Fruit             |       |       |     3 |     5 |       ||     8
       Chunk             |       |       |     6 |     1 |    11 ||    18
       Royal jelly       |       |       |       |     1 |       ||     1
Armor: Scale mail        |    96 |   107 |   244 |   313 |   116 ||   876
Dodge: Dodged            |    54 |    81 |   155 |   264 |    48 ||   602
Block: Shield            |    93 |   146 |   248 |   670 |   126 ||  1283
       Reflection        |       |       |       |       |     3 ||     3
